 Dungeon Crawl Stone Soup version 0.24-a0-358-g53aee78b01 (webtiles) character file.

Game seed: 6246543828853794177

44 Gumption the Conjurer (level 3, 0/19 HPs)
             Began as a Deep Elf Conjurer on May 25, 2019.
             Succumbed to gnoll's curare-tipped dart
             ... on level 2 of the Dungeon.
             The game lasted 00:19:13 (2101 turns).

Gumption the Conjurer (Deep Elf Conjurer)           Turns: 2101, Time: 00:19:14

Health: 0/19       AC:  3    Str:  5    XL:     3   Next: 41%
Magic:  10/10      EV: 13    Int: 20    God:
Gold:   58         SH:  0    Dex: 15    Spells: 5/9 levels left

rFire    . . .     SeeInvis .   a - +0 dagger
rCold    . . .     Gourm    .   (no shield)
rNeg     . . .     Faith    .   d - +0 robe
rPois    .         Spirit   .   n - +1 hat
rElec    .         Reflect  .   (no cloak)
rCorr    .         Harm     .   (no gloves)
MR       .....                  (no boots)
Stlth    ++........             (no amulet)
HPRegen  0.06/turn              (no ring)
MPRegen  0.12/turn              (no ring)

@: lethally poisoned (0 -> -5)
A: no striking features
a: no special abilities


You were on level 2 of the Dungeon.
You were not hungry.

You visited 1 branch of the dungeon, and saw 2 of its levels.

You collected 58 gold pieces.

Inventory:

Hand Weapons
 a - a +0 dagger (weapon)
Missiles
 c - 55 stones
 f - 6 javelins (quivered)
 i - 32 poisoned darts
 j - 2 atropa-tipped darts
Armour
 d - a +0 robe (worn)
 n - a +1 hat (worn)
Jewellery
 m - an uncursed ring of protection from cold {unknown}
Scrolls
 g - a scroll of teleportation {unknown}
 h - a scroll of magic mapping {unknown}
 k - a scroll of identify {unknown}
 l - 2 scrolls of remove curse {unknown}
 o - a scroll of immolation {unknown}
Potions
 b - a potion of brilliance {unknown}
 p - a potion of flight {unknown}
Comestibles
 e - a ration
 q - a chunk of flesh


   Skills:
 + Level 3.1 Dodging
 + Level 3.0 Stealth
 + Level 3.5 Spellcasting
 * Level 5.0 Conjurations
 * Level 0.0 Hexes


You had 5 spell levels left.
You knew the following spells:

 Your Spells              Type           Power        Failure   Level  Hunger
a - Magic Dart            Conj           ###.         1%          1    None
c - Dazzling Spray        Conj/Hex       ##....       14%         3    ###....

Your spell library contained the following spells:

 Spells                   Type           Power        Failure   Level  Hunger
 Searing Ray              Conj           ###...       2%          2    ##.....
 Iskenderun's Mystic Bla  Conj           ###.....     17%         4    ####...
 Force Lance              Conj/Tloc      ##......     43%         4    ####...
 Fulminant Prism          Conj/Hex       ##........   43%         4    ####...


Dungeon Overview and Level Annotations

Branches:
Dungeon (2/15)

Altars:


Message History

You feel sick.
You feel sick.
* * * LOW HITPOINT WARNING * * *
You feel sick.
* * * LOW HITPOINT WARNING * * *
You feel sick.
* * * LOW HITPOINT WARNING * * *
You feel sick.
* * * LOW HITPOINT WARNING * * *
You feel sick.
* * * LOW HITPOINT WARNING * * *
You feel sick.
The gnoll throws a curare-tipped dart.
The curare-tipped dart misses you.
You see here a curare-tipped dart.
* * * LOW HITPOINT WARNING * * *
You feel sick.
The gnoll throws a curare-tipped dart.
The curare-tipped dart completely misses you.
You see here a curare-tipped dart.
You feel yourself speed up.
You die...

#.....# #.# #.#....... #.....#
#.###### #.######## #.....##
#.#....# #.#....... #......#
#.#....# #.#.###..# #......#
#.#....# #.#.#..... ######.#
#.#....# #.#.#.#...
#.######.#....####.#.#.#...
#........#....'....#.#.#...
################@...######.#.#.##
......(.g....(.(.........#.#.#...
...#####################[#.#.###.
#.........#..... #.........######
#.).......'..... #........)######
#.........# #... #.........###.##


There were no monsters in sight!

Vanquished Creatures
  2 worms (D:2)
  A dart slug (D:1)
  2 leopard geckos (D:2)
  5 bats
  A giant cockroach (D:1)
  4 goblins
  5 hobgoblins (D:1)
  A ball python (D:2)
  3 frilled lizards (D:1)
  7 kobolds
  5 rats
  A plant (D:1)
37 creatures vanquished.

Notes
Turn   | Place    | Note
-------+----------+-------------------------------------------
     0 | D:1      | Gumption the Deep Elf Conjurer began the quest for the Orb.
     0 | D:1      | Reached XP level 1. HP: 10/10 MP: 6/6
   444 | D:1      | Reached XP level 2. HP: 15/15 MP: 6/8
  1437 | D:2      | Reached XP level 3. HP: 19/19 MP: 7/9
  1442 | D:2      | Learned a level 3 spell: Dazzling Spray
  2010 | D:2      | Reached skill level 5 in Conjurations
  2101 | D:2      | Succumbed to gnoll's curare-tipped dart

Levels and vault maps discovered:
D:1:      dpeg_arrival_simpleton_b, layout_loops_ring, serial_bayou,
          serial_bayou_shore_b, serial_bayou_ford_a, serial_bayou_lake_a,
          serial_bayou_pond_c, serial_bayou_lagoon_a,
          minmay_misc_feat_four_crosses, chequers_serial_rivers_micro_e
D:2:      layout_basic

Skill      XL: |  1  2  3 |
---------------+----------+-----
Stealth        | 3 |  3.0
Dodging        | 3 |  3.1
Conjurations   | 5 |  5.0
Spellcasting   | |  3.5

Action                   || total
-------------------------++-------
Melee: Hand axe          ||   111
       Dagger            ||     1
 Cast: Magic Dart        ||    67
       Dazzling Spray    ||     1
  Eat: Chunk             ||     4
Armor: Robe              ||     1
Dodge: Dodged            ||    11

Table legend:
 A = Non-vault XP
 B = Vault XP
 C = Vault XP percentage of total XP
 D = Non-vault monster count
 E = Vault monster count
 F = Vault count percentage of total count
                 A         B        C        D         E       F
            +---------+---------+-------+---------+---------+-------
      Total |      64 |       0 |   0.0 |      36 |       0 |   0.0
            +---------+---------+-------+---------+---------+-------
        D:1 |      38 |       0 |   0.0 |      24 |       0 |   0.0
        D:2 |      26 |       0 |   0.0 |      12 |       0 |   0.0
            +---------+---------+-------+---------+---------+-------
